[ PARTIDA AOE2 · #507338308 ]
UnrankedTeutones vs Spanish
Equipo del jugador · DERR
Equipo rival · VICT
[ ANÁLISIS DE REPETICIÓN · EXTRAÍDO DE LA PARTIDA GRABADA ]
Feudal
8:57
Castillos
21:37
Imperial
—
| APM promedio | 37.3 |
| APM pico | 102 |
| eAPM promedio | 18.8 |
| Aldeanos / militares | 55 / 7 |
Foco
⚔️ 23.4% · 🌾 76.6%
Scout Cavalry ×4 · Knight ×2 · Mangonel ×1
Feudal
11:20
Castillos
15:44
Imperial
—
| APM promedio | 40.6 |
| APM pico | 75 |
| eAPM promedio | 22.0 |
| Aldeanos / militares | 71 / 16 |
Foco
⚔️ 27.5% · 🌾 72.5%
Missionary ×10 · Mangonel ×4 · Battering Ram ×2
Mapa de la partida
Recursos iniciales + cada clic de construcción. Líneas = muros · curvas = relieve. ◆ oro · ⬟ piedra · ● bayas · ✦ reliquia · ◌ hueco del cierre
Tu base· ✓ Cerrada en 21:37 · 16t muro · 3 puerta(s)
Base de Kold· ✓ Cerrada en 15:44 · 35t muro · 5 puerta(s)
Terreno inicial suavizado · ◌ = hueco del cierre detectado · pasá el cursor para detalles
Inputs por minuto
— SaleMajstor - - Kold
Build order — SaleMajstor
120 acciones detectadas en el replay
| 0:00 | Encolar | Villager (Male) |
| 0:01 | Encolar | Villager (Male) |
| 0:01 | Encolar | Villager (Male) |
| 0:01 | Encolar | Villager (Male) |
| 0:03 | Construir | House |
| 0:04 | Construir | House |
| 1:41 | Encolar | Villager (Male) |
| 1:41 | Encolar | Villager (Male) |
| 1:52 | Encolar | Villager (Male) |
| 2:13 | Construir | Lumber Camp |
| 2:25 | Encolar | Villager (Male) |
| 2:46 | Encolar | Villager (Male) |
| 3:02 | Construir | House |
| 3:13 | Encolar | Villager (Male) |
| 3:33 | Encolar | Villager (Male) |
| 4:00 | Encolar | Villager (Male) |
| 4:13 | Encolar | Villager (Male) |
| 4:28 | Construir | Mining Camp |
| 4:30 | Encolar | Villager (Male) |
| 5:05 | Encolar | Villager (Male) |
| 5:05 | Encolar | Villager (Male) |
| 5:11 | Encolar | Villager (Male) |
| 5:18 | Construir | House |
| 5:50 | Investigar | Loom |
| 6:23 | Construir | Mill |
| 6:47 | Investigar | Feudal Age |
| 6:59 | Construir | House |
| 7:44 | Encolar | Villager (Male) |
| 8:23 | Encolar | Villager (Male) |
| 8:57 | Edad | Edad Feudal |
| 9:02 | Construir | Watch Tower |
| 9:18 | Encolar | Villager (Male) |
| 9:40 | Encolar | Villager (Male) |
| 9:58 | Encolar | Villager (Male) |
| 10:19 | Construir | Watch Tower |
| 10:53 | Encolar | Villager (Male) |
| 11:29 | Construir | Watch Tower |
| 11:39 | Construir | Watch Tower |
| 11:42 | Encolar | Villager (Male) |
| 11:42 | Encolar | Villager (Male) |
| 12:08 | Encolar | Villager (Male) |
| 12:10 | Construir | House |
| 12:28 | Construir | Blacksmith |
| 13:02 | Encolar | Villager (Male) |
| 13:05 | Construir | Farm |
| 13:06 | Construir | Farm |
| 13:12 | Construir | Farm |
| 13:14 | Construir | Farm |
| 13:27 | Construir | Watch Tower |
| 13:30 | Encolar | Villager (Male) |
| 13:36 | Construir | Farm |
| 13:40 | Encolar | Villager (Male) |
| 14:03 | Encolar | Villager (Male) |
| 14:05 | Construir | Farm |
| 14:22 | Encolar | Villager (Male) |
| 14:25 | Construir | House |
| 14:40 | Construir | Watch Tower |
| 14:56 | Encolar | Villager (Male) |
| 15:08 | Construir | Mining Camp |
| 15:16 | Encolar | Villager (Male) |
| 15:35 | Encolar | Villager (Male) |
| 15:38 | Construir | Farm |
| 15:52 | Construir | Stone Wall |
| 15:57 | Construir | Stone Wall |
| 16:12 | Construir | Stone Wall |
| 16:22 | Construir | Stone Wall |
| 16:24 | Encolar | Villager (Male) |
| 16:34 | Construir | Market |
| 16:40 | Encolar | Villager (Male) |
| 16:53 | Investigar | Double-Bit Axe |
| 17:02 | Encolar | Villager (Male) |
| 17:04 | Construir | Farm |
| 17:06 | Encolar | Villager (Male) |
| 17:13 | Construir | House |
| 17:30 | Construir | Mill |
| 17:33 | Encolar | Villager (Male) |
| 17:45 | Investigar | Fletching |
| 18:57 | Investigar | Castle Age |
| 19:44 | Construir | Watch Tower |
| 20:03 | Encolar | Villager (Male) |
| 20:08 | Construir | Barracks |
| 21:37 | Edad | Edad de los Castillos |
| 21:43 | Investigar | Bodkin Arrow |
| 21:44 | Encolar | Villager (Male) |
| 21:49 | Construir | Stable |
| 22:33 | Construir | Siege Workshop |
| 22:34 | Encolar | Villager (Male) |
| 22:34 | Encolar | Villager (Male) |
| 22:42 | Encolar | Knight |
| 22:45 | Construir | House |
| 22:54 | Construir | Outpost |
| 23:30 | Encolar | Knight |
| 24:05 | Construir | Mining Camp |
| 24:07 | Construir | Farm |
| 24:10 | Construir | Farm |
| 24:12 | Construir | Lumber Camp |
| 24:13 | Encolar | Villager (Male) |
| 24:13 | Encolar | Villager (Male) |
| 24:50 | Encolar | Scout Cavalry |
| 24:53 | Encolar | Villager (Male) |
| 24:53 | Encolar | Villager (Male) |
| 24:53 | Encolar | Villager (Male) |
| 24:59 | Construir | Mining Camp |
| 25:00 | Encolar | Villager (Male) |
| 25:01 | Encolar | Villager (Male) |
| 25:08 | Encolar | Scout Cavalry |
| 25:12 | Encolar | Villager (Male) |
| 25:13 | Encolar | Villager (Male) |
| 25:16 | Construir | House |
| 25:43 | Construir | Monastery |
| 26:17 | Encolar | Villager (Male) |
| 26:18 | Encolar | Villager (Male) |
| 26:19 | Encolar | Villager (Male) |
| 26:37 | Encolar | Mangonel |
| 26:42 | Encolar | Scout Cavalry |
| 26:43 | Encolar | Scout Cavalry |
| 27:07 | Construir | House |
| 28:06 | Construir | Castle |
| 28:46 | Construir | Farm |
| 28:48 | Investigar | Horse Collar |
Build order — Kold
Primeras 150 de 173 acciones detectadas
| 0:00 | Encolar | Villager (Male) |
| 0:00 | Encolar | Villager (Male) |
| 0:00 | Encolar | Villager (Male) |
| 0:01 | Encolar | Villager (Male) |
| 0:01 | Encolar | Villager (Male) |
| 0:02 | Construir | House |
| 0:03 | Construir | House |
| 1:30 | Encolar | Villager (Male) |
| 1:45 | Construir | Lumber Camp |
| 1:47 | Encolar | Villager (Male) |
| 2:17 | Encolar | Villager (Male) |
| 2:48 | Encolar | Villager (Male) |
| 2:48 | Encolar | Villager (Male) |
| 2:53 | Encolar | Villager (Male) |
| 3:32 | Encolar | Villager (Male) |
| 3:57 | Construir | House |
| 4:06 | Construir | House |
| 4:07 | Encolar | Villager (Male) |
| 4:25 | Construir | Palisade Wall |
| 4:25 | Construir | Palisade Wall |
| 4:33 | Encolar | Villager (Male) |
| 4:33 | Encolar | Villager (Male) |
| 4:33 | Encolar | Villager (Male) |
| 4:38 | Construir | Mill |
| 4:50 | Construir | Palisade Wall |
| 4:58 | Construir | Palisade Wall |
| 5:02 | Construir | Palisade Wall |
| 5:08 | Construir | Palisade Wall |
| 5:12 | Construir | Palisade Gate |
| 5:22 | Construir | Palisade Wall |
| 5:23 | Encolar | Villager (Male) |
| 5:24 | Construir | Palisade Wall |
| 5:27 | Construir | Palisade Wall |
| 5:49 | Encolar | Villager (Male) |
| 6:08 | Encolar | Villager (Male) |
| 6:21 | Encolar | Villager (Male) |
| 6:46 | Construir | Mining Camp |
| 6:57 | Encolar | Villager (Male) |
| 7:25 | Encolar | Villager (Male) |
| 7:55 | Encolar | Villager (Male) |
| 7:59 | Encolar | Villager (Male) |
| 8:32 | Construir | Mining Camp |
| 8:35 | Investigar | Feudal Age |
| 8:40 | Investigar | Loom |
| 8:40 | Investigar | Feudal Age |
| 9:11 | Construir | Palisade Wall |
| 9:29 | Construir | Palisade Wall |
| 9:34 | Construir | Palisade Wall |
| 9:42 | Construir | Palisade Wall |
| 9:55 | Construir | Palisade Wall |
| 10:06 | Construir | House |
| 10:11 | Construir | Palisade Wall |
| 10:16 | Construir | House |
| 11:03 | Construir | House |
| 11:06 | Construir | Palisade Wall |
| 11:11 | Construir | Palisade Wall |
| 11:20 | Edad | Edad Feudal |
| 11:48 | Encolar | Villager (Male) |
| 11:49 | Encolar | Villager (Male) |
| 11:53 | Construir | Market |
| 12:00 | Construir | Blacksmith |
| 12:02 | Construir | House |
| 12:05 | Construir | House |
| 12:32 | Construir | Market |
| 12:39 | Encolar | Villager (Male) |
| 13:02 | Investigar | Castle Age |
| 13:33 | Investigar | Double-Bit Axe |
| 13:36 | Construir | Farm |
| 13:43 | Construir | Farm |
| 13:48 | Construir | Farm |
| 14:12 | Construir | Stone Wall |
| 14:24 | Construir | Stone Wall |
| 14:31 | Construir | Gate |
| 14:51 | Construir | Lumber Camp |
| 14:58 | Construir | Lumber Camp |
| 15:05 | Investigar | Horse Collar |
| 15:22 | Construir | Farm |
| 15:27 | Encolar | Villager (Male) |
| 15:27 | Encolar | Villager (Male) |
| 15:44 | Edad | Edad de los Castillos |
| 15:47 | Construir | Siege Workshop |
| 16:22 | Construir | Lumber Camp |
| 16:28 | Encolar | Villager (Male) |
| 16:36 | Encolar | Mangonel |
| 16:39 | Encolar | Villager (Male) |
| 17:06 | Encolar | Villager (Male) |
| 17:19 | Construir | Farm |
| 17:26 | Construir | Farm |
| 17:27 | Encolar | Villager (Male) |
| 17:30 | Construir | House |
| 17:30 | Construir | House |
| 17:44 | Encolar | Mangonel |
| 17:57 | Encolar | Villager (Male) |
| 18:05 | Construir | Farm |
| 18:14 | Construir | House |
| 18:16 | Encolar | Villager (Male) |
| 18:51 | Encolar | Villager (Male) |
| 19:16 | Encolar | Villager (Male) |
| 19:41 | Encolar | Villager (Male) |
| 20:05 | Encolar | Mangonel |
| 20:12 | Encolar | Villager (Male) |
| 20:19 | Encolar | Villager (Male) |
| 20:22 | Construir | Stone Wall |
| 21:02 | Encolar | Villager (Male) |
| 21:03 | Encolar | Villager (Male) |
| 21:36 | Encolar | Villager (Male) |
| 21:40 | Construir | Farm |
| 21:42 | Construir | Farm |
| 21:50 | Encolar | Mangonel |
| 21:51 | Encolar | Villager (Male) |
| 21:57 | Construir | Town Center |
| 22:22 | Encolar | Villager (Male) |
| 22:23 | Encolar | Villager (Male) |
| 22:37 | Encolar | Villager (Male) |
| 22:40 | Construir | House |
| 22:42 | Construir | Barracks |
| 22:47 | Construir | Farm |
| 22:49 | Construir | Farm |
| 22:51 | Construir | Farm |
| 23:10 | Encolar | Villager (Male) |
| 23:10 | Encolar | Villager (Male) |
| 23:33 | Encolar | Villager (Male) |
| 23:34 | Encolar | Battering Ram |
| 23:38 | Construir | Monastery |
| 23:39 | Encolar | Villager (Male) |
| 24:02 | Encolar | Villager (Male) |
| 24:02 | Encolar | Villager (Male) |
| 24:06 | Encolar | Villager (Male) |
| 24:10 | Construir | Palisade Wall |
| 24:11 | Construir | Palisade Wall |
| 24:14 | Construir | Palisade Wall |
| 24:17 | Construir | Palisade Wall |
| 24:21 | Construir | Farm |
| 24:23 | Construir | Farm |
| 24:24 | Construir | Farm |
| 24:28 | Encolar | Missionary |
| 24:28 | Encolar | Missionary |
| 24:43 | Encolar | Villager (Male) |
| 24:44 | Encolar | Villager (Male) |
| 24:53 | Construir | Monastery |
| 24:57 | Encolar | Villager (Male) |
| 25:00 | Encolar | Villager (Male) |
| 25:12 | Encolar | Missionary |
| 25:13 | Encolar | Villager (Male) |
| 25:40 | Construir | House |
| 25:41 | Encolar | Villager (Male) |
| 25:42 | Encolar | Villager (Male) |
| 25:50 | Encolar | Missionary |
| 26:11 | Encolar | Missionary |
| 26:17 | Construir | House |
Cronología de la partida
| 4:25 | Kold · wall_segment Palisade Wall x1 |
| 4:25 | Kold · wall_segment Palisade Wall x1 |
| 4:50 | Kold · wall_segment Palisade Wall x1 |
| 4:58 | Kold · wall_segment Palisade Wall x1 |
| 5:02 | Kold · wall_segment Palisade Wall x1 |
| 5:08 | Kold · wall_segment Palisade Wall x1 |
| 5:22 | Kold · wall_segment Palisade Wall x1 |
| 5:24 | Kold · wall_segment Palisade Wall x1 |
| 5:27 | Kold · wall_segment Palisade Wall x1 |
| 8:57 | SaleMajstor · age_up feudal |
| 9:11 | Kold · wall_segment Palisade Wall x1 |
| 9:29 | Kold · wall_segment Palisade Wall x1 |
| 9:34 | Kold · wall_segment Palisade Wall x5 |
| 9:42 | Kold · wall_segment Palisade Wall x1 |
| 9:55 | Kold · wall_segment Palisade Wall x6 |
| 10:11 | Kold · wall_segment Palisade Wall x3 |
| 11:06 | Kold · wall_segment Palisade Wall x3 |
| 11:11 | Kold · wall_segment Palisade Wall x1 |
| 11:20 | Kold · age_up feudal |
| 14:12 | Kold · wall_segment Stone Wall x4 |
| 14:24 | Kold · wall_segment Stone Wall x1 |
| 15:39 | Kold · first_market_buy 100 wood |
| 15:44 | Kold · age_up castle |
| 15:47 | Kold · first_building Siege Workshop |
| 15:52 | SaleMajstor · wall_segment Stone Wall x1 |
| 15:57 | SaleMajstor · wall_segment Stone Wall x1 |
| 16:12 | SaleMajstor · wall_segment Stone Wall x7 |
| 16:22 | SaleMajstor · wall_segment Stone Wall x7 |
| 18:27 | SaleMajstor · first_market_buy 100 food |
| 18:30 | SaleMajstor · first_market_sell 100 wood |
| 20:08 | SaleMajstor · first_building Barracks |
| 20:22 | Kold · wall_segment Stone Wall x1 |
| 21:37 | SaleMajstor · age_up castle |
| 21:49 | SaleMajstor · first_building Stable |
| 22:33 | SaleMajstor · first_building Siege Workshop |
| 22:42 | Kold · first_building Barracks |
| 23:38 | Kold · first_building Monastery |
| 24:10 | Kold · wall_segment Palisade Wall x1 |
| 24:11 | Kold · wall_segment Palisade Wall x1 |
| 24:14 | Kold · wall_segment Palisade Wall x1 |
| 24:17 | Kold · wall_segment Palisade Wall x1 |
| 25:43 | SaleMajstor · first_building Monastery |
| 26:33 | Kold · first_market_sell 100 wood |
| 28:06 | SaleMajstor · first_building Castle |
| 28:18 | Kold · first_building Castle |
| 29:35 | SaleMajstor · resign |
[ ANÁLISIS IA · 1 CRÉDITO ]
¿Qué pasó realmente en esta partida?
Wolo.gg analiza cada decisión: build order, eco, micro, errores típicos por bracket. Análisis personalizado por WhatsApp o Discord en 30 segundos.
Guía civ
Teutones
Perfil
Jugador #7376435